 Dungeon Crawl Stone Soup version 0.17-a0-1741-gd5e8965 (webtiles) character file.

76 andalon the Covered (level 4, -2/41 HPs)
             Began as a Minotaur Fighter on Aug 31, 2015.
             Was an Initiate of Trog.
             Killed from afar by KambridgeKobold's ghost (10 damage)
             ... with a spray of energy
             ... on level 3 of the Dungeon.
             The game lasted 00:15:26 (1342 turns).

andalon the Covered (Minotaur Fighter)              Turns: 1342, Time: 00:15:27

Health: -2/41      AC:  7    Str: 20    XL:     4   Next: 12%
Magic:  3/3        EV:  8    Int:  5    God:    Trog [......]
Gold:   50         SH:  9    Dex: 11    Spells: 0 memorised, 3 levels left

rFire  . . .     SeeInvis .     a - +0 war axe
rCold  . . .     Clarity  .     b - +0 scale mail
rNeg   . . .     SustAt   .     c - +0 shield
rPois  .         Gourm    .     (helmet restricted)
rElec  .         Spirit   .     (no cloak)
rCorr  .         Warding  .     (no gloves)
rMut   .         Stasis   .     (no boots)
MR     .....                    (no amulet)
Stlth  ..........               (no ring)
                                (no ring)

@: lethally poisoned (-2 -> -8), not resistant to hostile enchantments,
extremely unstealthy
A: retaliatory headbutt, horns 2
a: Burn Spellbooks, Renounce Religion


You were on level 3 of the Dungeon.
You worshipped Trog.
Trog was noncommittal.
You were not hungry.

You visited 1 branch of the dungeon, and saw 3 of its levels.

You collected 50 gold pieces.

Inventory:

Hand weapons
 a - a +0 war axe (weapon)
 g - a +0 short sword
 r - a +0 hunting sling
 t - a +0 whip of pain
Missiles
 f - 79 stones (quivered)
 i - 9 silver sling bullets
 j - 40 arrows
Armour
 b - a +0 scale mail (worn)
 c - a +0 shield (worn)
 m - a +0 ring mail
 q - a +0 helmet
 s - a +0 large shield
Scrolls
 n - a scroll of identify
 u - a scroll of remove curse
Potions
 d - a potion of might
 k - a potion of agility
 l - a potion of curing
Comestibles
 e - a bread ration
 h - a slice of pizza
 o - a royal jelly


   Skills:
 + Level 4.3 Fighting
 + Level 2.8 Axes
 + Level 4.4 Armour
 + Level 1.3 Dodging
 + Level 4.2 Shields


You had 3 spell levels left.
You didn't know any spells.

Dungeon Overview and Level Annotations

Branches:
Dungeon (3/15)

Altars:
Trog

Annotations:
D:3 KambridgeKobold's ghost, average DECj


Innate Abilities, Weirdness & Mutations

You reflexively headbutt those who attack you in melee.
You have a pair of horns on your head.


Message History

You are more poisoned.
You block KambridgeKobold's ghost's attack.
You barely miss KambridgeKobold's ghost.
Your headbutt misses KambridgeKobold's ghost.
You feel sick.
You block KambridgeKobold's ghost's attack.
You feel sick.
You feel sick.
KambridgeKobold's ghost closely misses you.
You feel sick.
KambridgeKobold's ghost gestures at you while chanting.
You block the orb of energy.
You feel sick.
You see here a hand axe.
You feel sick.
You feel sick.
You feel sick.
KambridgeKobold's ghost casts a spell at you.
The spray of energy hits you!
You die...

####################
#.......)##........#####
#.....##.##.##†........#
#.....##W##.#....#.##.##
####.###.##.#..#<.....###
#.# #@........<.......
####.#*#.##.##.#....#####
#....#..>.............*
#............#.#..###.#*
***#...##########.####**..#*
*,.....,* #,,,,,,,,..#
#.##...,* *********..#
#,*####,* *,,,,.# *,* *,*
*,**,**


You could see KambridgeKobold's ghost.

Vanquished Creatures
  4 adders
  An ooze (D:2)
  2 worms (D:2)
  4 bats (D:2)
  2 giant cockroaches
  4 goblins
  2 hobgoblins (D:2)
  2 jackals (D:2)
  A giant newt (D:2)
  4 kobolds
  A quokka (D:2)
  3 rats (D:2)
30 creatures vanquished.

Notes
Turn   | Place    | Note
--------------------------------------------------------------
     0 | D:1      | andalon the Minotaur Fighter began the quest for the Orb.
     0 | D:1      | Reached XP level 1. HP: 19/19 MP: 0/0
   131 | D:1      | You fall through a shaft!
   214 | D:2      | Reached XP level 2. HP: 25/27 MP: 1/1
   274 | D:2      | Found a bloodstained altar of Trog.
   297 | D:2      | Reached skill level 4 in Armour
   303 | D:2      | Became a worshipper of Trog the Wrathful
   577 | D:2      | Reached XP level 3. HP: 33/33 MP: 2/2
  1006 | D:2      | Reached skill level 1 in Dodging
  1290 | D:3      | Reached XP level 4. HP: 36/41 MP: 3/3
  1318 | D:3      | Noticed KambridgeKobold's ghost (average DECj)
  1342 | D:3      | Killed from afar by KambridgeKobold's ghost

Vault maps used:
D:1:      dpeg_arrival_rooms_b
D:2:      old_standard_altar
D:3:      first_bread, bloody_makhleb

Action                   |  1- 3 |  4- 6 || total
-------------------------+-------+-------++-------
Melee: War axe           |    90 |     8 ||    98
  Use: Scroll            |     5 |     2 ||     7
       Potion            |     1 |       ||     1
  Eat: Meat ration       |     1 |       ||     1
